[Event "1st Jeddah Young Masters 2024"]
[Site "Jeddah"]
[Date "2024.01.25"]
[Round "3.3"]
[White "Sadhwani, Raunak"]
[Black "Francisco Guecamburu, Candela Be"]
[Result "1-0"]
[ECO "C60"]
[WhiteElo "2654"]
[BlackElo "2295"]
[Annotator "TA"]
[PlyCount "71"]
[EventDate "2024.01.24"]
[EventType "tourn"]
[SourceTitle "playchess.com"]
[Source "ChessBase"]
[SourceQuality "1"]
[TimeControl "5400+30"]

1. e4 e5 2. Nf3 Nc6 3. Bb5 Nge7 4. Nc3 Ng6 5. h4 Nd4 6. h5 Nf4 7. Nxd4 exd4 8. Qf3 {[%emt 0:00:12] Weiß hat minimalen Vorteil.} Bd6 9. d3 (9. Ne2 {vereinfacht} Nxe2 10. Bxe2 h6 11. d3) 9... dxc3 10. Bxf4 cxb2 11. Rb1 Bxf4 12. Qxf4 Qe7 13. h6 {[%emt 0:07:28][%mdl 1024] Weiss hat Kompensation.} g6 {[%emt 0:05:15] Droht ...Qb4+ und aus.} 14. O-O (14. Qxc7 $2 Qb4+ 15. c3 Qxb5 $19) 14... c6 15. Bc4 d6 16. d4 O-O 17. Rxb2 b5 18. Bd3 Be6 {[%emt 0:00:38] Pariert c4.} ({Vorzuziehen ist} 18... f5 $14) 19. d5 cxd5 (19... Bd7 $16) 20. Rxb5 dxe4 {[%emt 0:07:07] [#]} 21. Rb7 $3 Qd8 (21... Qxb7 22. Qf6 (22. Bxe4 $2 Qb5 $19) (22. Bxe4 $2 Qb5 $19)) 22. Bxe4 Qa5 {[%emt 0:05:32] Wehrt Bd5 ab} 23. Qxd6 (23. a4 $1 $18 {Und jetzt Rb5 wäre schön.} Qe5 24. Qxe5 dxe5 25. Re7) 23... Qg5 $14 24. Qh2 Bxa2 25. Ra1 Rae8 26. Bd3 {[%emt 0:00:58][%cal Oc2c4] Zielt auf c4! ab.} (26. Rxa2 $2 Qc1#) ({Doch nicht} 26. Rxa7 Rxe4 27. R7xa2 Rh4 $17) 26... Qd2 27. Qh4 $1 $16 (27. Rxa2 $2 {führt zum Matt.} Re1+ 28. Bf1 Rxf1+ 29. Kxf1 Qd1#) 27... Be6 28. Rbxa7 {[%emt 0:01:08] Weiß steht aktiver.} Rb8 29. R7a4 {[%emt 0:01:38] Droht stark Rd4.} Rfd8 {[%emt 0:01:06] [#]} (29... Rbd8 $16 30. Ra5 Rfe8) 30. Ra6 (30. Re4 $1 $18) 30... Re8 31. R6a4 (31. R6a5 $16) 31... Red8 $1 $18 {[%emt 0:00:43] [#]} 32. Re4 $1 $40 {[%emt 0:02:08][%cal Ba4e4,Be4e3,Be3e5][%mdl 160] Weiss geht auf den König.} Ra8 33. Rae1 {[%emt 0:01:19] R4e3 ist eine echte Drohung.} Re8 $2 (33... Rdb8 34. Re5 Qb4) 34. R4e3 {[%emt 0:00:53] Beabsichtigt Qf6 und Matt.} Rac8 35. Qf6 Qc3 36. Re5 {[%emt 0:00:05] Gewichteter Fehlerwert: Weiß=0.20 (präzise) /Schwarz=0.37.  Fehler:       	Weiß=3     	Schwarz=5     Ungenau:       	Weiß=2     	Schwarz=2     OK:         	Weiß=13    	Schwarz=14    Bester:       	Weiß=1     	---        Stark:        	Weiß=2     	Schwarz=1     Brilliant:      	Weiß=1     	---} 1-0

[Event "1st Jeddah Young Masters 2024"]
[Site "Jeddah"]
[Date "2024.01.25"]
[Round "3.4"]
[White "Erdogmus, Yagiz Kaan"]
[Black "Pranav Vijay"]
[Result "1/2-1/2"]
[ECO "E32"]
[WhiteElo "2524"]
[BlackElo "2252"]
[Annotator "TA"]
[PlyCount "48"]
[EventDate "2024.01.24"]
[EventType "tourn"]
[SourceTitle "playchess.com"]
[Source "ChessBase"]
[SourceQuality "1"]
[TimeControl "5400+30"]

1. d4 Nf6 2. c4 e6 3. Nc3 Bb4 4. Qc2 O-O 5. e4 d6 6. e5 Nfd7 7. exd6 cxd6 8. Bd3 Nc6 {[%emt 0:00:19] Weiß steht etwas besser.} 9. Nge2 h6 10. O-O Nf6 11. a3 Bxc3 12. Qxc3 b6 13. b4 Bb7 14. Bb2 Rc8 15. Qd2 Nb8 16. Ng3 Nbd7 17. Rac1 Rc7 18. d5 Ne5 19. dxe6 fxe6 20. Be2 Ng6 21. Bd3 (21. f3 $16) 21... Ne5 $14 22. Be2 {[%emt 0:00:51] Das Läuferpaar ist gut.} Ng6 $1 23. Bd3 {[%emt 0:03:44] Wehrt d5 ab} Ne5 24. Be2 (24. f3 $14) 24... Ng6 $1 {[%emt 0:01:56] Gewichteter Fehlerwert: Weiß=0.16 (sehr präzise) /Schwarz=0.10 (sehr präzise) .  Fehler:       	Weiß=2     	---        Ungenau:       	Weiß=1     	Schwarz=2     OK:         	Weiß=9     	Schwarz=6     Bester:       	Weiß=1     	Schwarz=1     Stark:        	---       	Schwarz=2} 1/2-1/2

[Event "1st Jeddah Young Masters 2024"]
[Site "Jeddah"]
[Date "2024.01.25"]
[Round "3.5"]
[White "Woodward, Andy"]
[Black "Oro, Faustino"]
[Result "1-0"]
[ECO "E06"]
[WhiteElo "2501"]
[BlackElo "2357"]
[Annotator "TA"]
[PlyCount "69"]
[EventDate "2024.01.24"]
[EventType "tourn"]
[SourceTitle "playchess.com"]
[Source "ChessBase"]
[SourceQuality "1"]
[TimeControl "5400+30"]

1. d4 Nf6 2. c4 e6 3. g3 d5 4. Bg2 Be7 5. Nf3 O-O 6. Nc3 a5 7. O-O c6 8. Bf4 Nbd7 {[%emt 0:05:06][%cal Bb8d7,Bd7f6,Bf6d5][%mdl 32] Die Stellung ist ausgeglichen.} 9. Ne5 dxc4 10. Nxc4 Nd5 11. Rc1 Nxf4 12. gxf4 Nf6 13. e3 Nd5 14. Ne5 f6 15. Nd3 Bd7 16. Qb3 b6 {[%emt 0:06:12] [#]} 17. f5 $1 Nxc3 (17... Kh8 18. fxe6) 18. Rxc3 a4 19. Qc2 exf5 (19... e5 $11) 20. Bxc6 $14 {[%emt 0:00:17] Weiß steht aktiver.} Bxc6 {[%emt 0:03:34] Jetzt gehts bergab für Schwarz.} 21. Rxc6 Bd6 {[%emt 0:01:12] [#]} (21... Qd5 $16) 22. Qc4+ $1 $18 Kh8 23. Qe6 {[%emt 0:00:07][%csl LRd6,LRf5] Lässt Qd7 nicht zu} Bb8 {[%emt 0:01:23][%cal Of5f4] [#]} 24. Rfc1 $1 ({Schwächer ist} 24. Rxb6 f4 $14) ({Auf keinen Fall} 24. Qxf5 $6 Ra5 25. Qf3 Qe8 $16) 24... Re8 25. Qxf5 Ra5 26. Qc8 Rg5+ 27. Kf1 {[%emt 0:00:03] Und jetzt Qb7 wäre schön.} Bxh2 28. Qxd8 Rxd8 29. Rxb6 h5 (29... Rg1+ $142 30. Ke2 Rxc1 31. Nxc1 a3 32. bxa3 Rc8) 30. Ke2 Bd6 (30... Ra5 $142 31. Nc5 Rb8 32. Rxb8+ Bxb8) 31. Nc5 Rg4 32. Nb7 Rb8 33. Rb5 Bf8 34. Rxh5+ Kg8 35. Rb5 {[%emt 0:00:15] Gewichteter Fehlerwert: Weiß=0.08 (makellos) /Schwarz=0.20 (präzise) .  Fehler:       	---       	Schwarz=4     Ungenau:       	Weiß=2     	Schwarz=3     OK:         	Weiß=16    	Schwarz=8     Bester:       	Weiß=2     	Schwarz=2     Stark:        	Weiß=1     	---} 1-0

[Event "1st Jeddah Young Masters 2024"]
[Site "Jeddah"]
[Date "2024.01.26"]
[Round "4.1"]
[White "Murzin, Volodar"]
[Black "Oro, Faustino"]
[Result "1/2-1/2"]
[ECO "D00"]
[WhiteElo "2635"]
[BlackElo "2357"]
[Annotator "TA"]
[PlyCount "100"]
[EventDate "2024.01.24"]
[EventType "tourn"]
[SourceTitle "playchess.com"]
[Source "ChessBase"]
[SourceQuality "1"]
[TimeControl "5400+30"]

1. d4 Nf6 2. Bg5 d5 3. Nd2 g6 4. Bxf6 exf6 5. e3 Bd6 6. g3 O-O 7. Bg2 c6 8. Ne2 Nd7 9. O-O f5 10. c4 Nf6 11. cxd5 Nxd5 12. Bxd5 cxd5 13. Qb3 Be6 14. Nc3 Qa5 15. Nf3 (15. Qxb7 {looks sharper.} Rab8 16. Qc6 Rxb2 17. Nb3) 15... h6 16. Ne1 Rfc8 17. Nd3 Rc4 18. Qb5 (18. Qxb7 $2 Rb8 $19) 18... Qxb5 19. Nxb5 {[%emt 0:00:11] Excellent horsemanship.} Be7 20. b3 Rc2 {[%emt 0:01:21] [#] Hoping for ...a6.} 21. Rfc1 Rxc1+ 22. Rxc1 a6 23. Nc3 ({White has to play} 23. Nc7 $16 Rc8 24. Rc3 (24. Nxe6 Rxc1+ 25. Nxc1 fxe6 $11)) 23... Ba3 $11 24. Rc2 Rc8 25. Ne1 Bd6 (25... Bb4 26. Nxd5 Rxc2 (26... Bxe1 $2 {too greedy.} 27. Ne7+ Kg7 28. Nxc8 $18) 27. Nxc2 $14) 26. Na4 Rxc2 27. Nxc2 {[%emt 0:00:02][%mdl 4096] Endgame. KBB-KNN} a5 28. Nc3 Kf8 29. Kf1 Ke8 30. Ke2 Kd7 31. Ne1 g5 32. Nd3 b6 33. Nb5 f6 34. Nxd6 Kxd6 $14 {[%emt 0:00:11] KB-KN} 35. f4 g4 36. Kd2 Bd7 37. Nb2 Bb5 38. Kc3 Kd7 39. b4 a4 40. a3 Kc6 41. Kd2 Kd6 42. Nd1 Bd7 {[%emt 0:00:52] [#]} (42... Bc4 $11) 43. b5 Bxb5 $11 {[%emt 0:00:45] The position is equal.} 44. Nb2 Kc6 45. Kc2 Bf1 46. Nxa4 Kb5 47. Nc3+ Kc4 48. Na4 Kb5 49. Nc3+ Kc4 50. Na4 Kb5 {[%emt 0:00:05] Weighted Error Value: White=0.10 (very precise) /Black=0.10 (very precise) .  Mistake:       	White=2     	Black=1      Inaccurate:     	---       	Black=4      OK:         	White=18    	Black=20     Best:        	White=2     	Black=3} 1/2-1/2

[Event "1st Jeddah Young Masters 2024"]
[Site "Jeddah"]
[Date "2024.01.26"]
[Round "4.3"]
[White "Francisco Guecamburu, Candela Be"]
[Black "Erdogmus, Yagiz Kaan"]
[Result "0-1"]
[ECO "B51"]
[WhiteElo "2295"]
[BlackElo "2524"]
[Annotator "TA"]
[PlyCount "114"]
[EventDate "2024.01.24"]
[EventType "tourn"]
[SourceTitle "playchess.com"]
[Source "ChessBase"]
[SourceQuality "1"]
[TimeControl "5400+30"]

1. e4 c5 2. Nf3 d6 3. Bb5+ Nd7 4. O-O Ngf6 5. Re1 a6 6. Bf1 b6 7. d4 cxd4 8. Nxd4 Bb7 9. c4 e6 10. Nc3 Be7 {[%emt 0:00:33] B51: Sicilian: Moscow Variation (3 Bb5+) without 3...Bd7.} 11. f3 O-O 12. Be3 Rc8 13. Rc1 Qc7 14. Qd2 Qb8 15. Na4 Bd8 16. b4 Bc7 17. Kh1 Rfe8 18. Nb2 $146 ({Predecessor:} 18. Bg1 Ne5 19. Nb3 d5 20. exd5 exd5 21. c5 b5 22. Nb6 Rcd8 23. a4 Nc4 24. Qa2 {1-0 Murzin,V (2465)-Guo,A (2358) PNWCC Online blitz JP 19th 2020 (5)}) 18... Ne5 19. Bg1 Rcd8 20. Qc2 Nfd7 21. h3 Nf6 22. Bh2 Ng6 23. Qf2 Nh5 24. Nd3 h6 25. a4 Re7 26. g4 Nf6 27. Bg2 Ree8 28. Red1 Nd7 29. h4 Nge5 30. Nf4 Rc8 31. Nh5 (31. g5 $1 $14) 31... Bd8 $15 32. Nb3 (32. Bf1 $15) 32... g6 (32... Rxc4 33. Rxc4 Nxc4 34. Qd4 $16) 33. Nf4 Rxc4 34. Rxc4 Nxc4 35. h5 g5 36. Ne2 (36. Nd3 $17) 36... b5 (36... Bf6 $19 37. Ned4 Be5) 37. a5 (37. axb5 $17 axb5 38. Ned4) 37... Nce5 $19 38. Ned4 Bf6 39. Qe2 Bg7 40. Nxb5 $2 (40. Nc1) 40... axb5 $19 41. Qxb5 Bc6 42. Qxb8 Rxb8 43. Nd4 Ba4 ({But not} 43... Rxb4 44. Nxc6 Nxc6 45. a6) 44. Rb1 Nc4 45. Bg1 Nxa5 46. Bf1 Nc5 (46... Bxd4 $142 47. Bxd4 Nc6) 47. b5 $2 (47. Nb5 {was forced.} Nxe4 (47... Rxb5 48. Bxb5 Bxb5 49. bxa5 $11) 48. fxe4) 47... Be5 48. Kg2 Bxd4 49. Bxd4 Nab3 50. Bc3 Bxb5 51. Bxb5 Rxb5 52. Rd1 Rb6 53. Bf6 e5 54. Be7 Nd4 55. Ra1 Kg7 56. Ra8 Rb2+ 57. Kh3 Nce6 0-1

[Event "1st Jeddah Young Masters 2024"]
[Site "Jeddah"]
[Date "2024.01.26"]
[Round "4.4"]
[White "Klimkowski, Jan"]
[Black "Sadhwani, Raunak"]
[Result "1/2-1/2"]
[ECO "C02"]
[WhiteElo "2531"]
[BlackElo "2654"]
[Annotator "TA"]
[PlyCount "55"]
[EventDate "2024.01.24"]
[EventType "tourn"]
[SourceTitle "playchess.com"]
[Source "ChessBase"]
[SourceQuality "1"]
[TimeControl "5400+30"]

1. e4 e6 2. d4 d5 3. e5 c5 4. c3 Nc6 5. Nf3 Bd7 6. Be2 Nge7 7. Na3 cxd4 8. cxd4 Nf5 9. Nc2 Be7 10. O-O O-O 11. Bd3 f6 12. Bxf5 exf5 13. Bf4 g5 14. exf6 Bxf6 15. Bd6 Re8 16. Nb4 g4 17. Ne5 (17. Nxd5 $5 Bg7 (17... gxf3 18. Bc7 $14) 18. Bc7 $11) 17... Be6 18. Bc5 Nxe5 19. dxe5 Bxe5 20. Bd4 Qd6 21. Bxe5 Qxe5 22. Qd2 {[%emt 0:02:10] White is weak on the light squares} d4 23. Rad1 Rad8 24. b3 Bd7 {[%emt 0:13:15] The position is equal.} 25. Rfe1 Qg7 26. Rxe8+ Bxe8 27. Qf4 Qf6 28. Nc2 {[%emt 0:03:01] Not much happened in this game.   Weighted Error Value: White=0.04 (flawless) /Black=0.03 (flawless) .  OK:         	White=10    	Black=7} 1/2-1/2

[Event "1st Jeddah Young Masters 2024"]
[Site "Jeddah"]
[Date "2024.01.26"]
[Round "4.5"]
[White "Seemann, Jakub"]
[Black "Rey Martinez, Jaime"]
[Result "0-1"]
[ECO "A23"]
[WhiteElo "2439"]
[BlackElo "2342"]
[Annotator "RC"]
[PlyCount "104"]
[EventDate "2024.01.24"]
[EventType "tourn"]
[SourceTitle "playchess.com"]
[Source "ChessBase"]
[SourceQuality "1"]
[TimeControl "5400+30"]

1. c4 e5 2. g3 Nf6 3. Bg2 Bc5 4. Nc3 c6 5. Qc2 O-O 6. Nf3 Re8 7. O-O Bf8 8. e4 c5 9. d3 Nc6 10. h3 d6 11. Ne1 Nh5 12. Nd5 Be6 13. Qd1 g6 14. Nc2 Bg7 15. Rb1 a5 16. Nce3 Nd4 17. Kh2 Kh8 18. Bd2 b5 19. cxb5 Nxb5 20. f4 exf4 21. gxf4 Nc7 22. Nc3 Bc8 23. Nc4 Ba6 24. Bf3 Bxc4 25. dxc4 Nf6 26. e5 dxe5 27. Bxa8 Qxa8 28. f5 gxf5 29. Rxf5 Ne6 30. Qf1 Qd8 31. Rd1 Qe7 32. Re1 Qd6 33. Rxf6 Qxd2+ 34. Rf2 Qh6 35. Rxf7 Ng5 36. Rf5 e4 37. Re3 Qd6+ 38. Kh1 Bd4 39. Rxg5 Bxe3 40. Qf7 Bxg5 41. Qxe8+ Kg7 42. Qxe4 Bf6 43. Qg4+ Kh8 44. Qc8+ Kg7 45. Qg4+ Kh8 46. Ne4 Qc6 47. Qg2 Bd4 48. b3 Qe6 49. Qg4 Qf7 50. Kg2 a4 51. Nd2 Qf2+ 52. Kh1 Qe1+ 0-1

[Event "1st Jeddah Young Masters 2024"]
[Site "Jeddah"]
[Date "2024.01.27"]
[Round "5.1"]
[White "Rey Martinez, Jaime"]
[Black "Murzin, Volodar"]
[Result "0-1"]
[ECO "B90"]
[WhiteElo "2342"]
[BlackElo "2635"]
[Annotator "TA"]
[PlyCount "30"]
[EventDate "2024.01.24"]
[EventType "tourn"]
[SourceTitle "playchess.com"]
[Source "ChessBase"]
[SourceQuality "1"]
[TimeControl "5400+30"]

1. e4 c5 2. Nf3 d6 3. d4 cxd4 4. Nxd4 Nf6 5. Nc3 a6 6. Rg1 h5 7. Bg5 Nbd7 8. Qd2 e6 {[%emt 0:06:45] The position is equal.} 9. h4 (9. g3 $14) 9... b5 $11 10. f3 Bb7 11. Bd3 (11. O-O-O $11) 11... Be7 12. O-O-O Rc8 13. Kb1 Ne5 14. f4 (14. Be2 $11) 14... Nxd3 $15 15. cxd3 Ng4 {[%emt 0:00:17][%mdl 32768] Weighted Error Value: White=0.31/Black=0.12 (very precise) .  Mistake:       	White=3     	---        Inaccurate:     	---       	Black=2      OK:         	White=2     	Black=4     . Loss on time!?} 0-1

[Event "1st Jeddah Young Masters 2024"]
[Site "Jeddah"]
[Date "2024.01.27"]
[Round "5.2"]
[White "Sadhwani, Raunak"]
[Black "Seemann, Jakub"]
[Result "1/2-1/2"]
[ECO "B51"]
[WhiteElo "2654"]
[BlackElo "2439"]
[Annotator "TA"]
[PlyCount "37"]
[EventDate "2024.01.24"]
[EventType "tourn"]
[SourceTitle "playchess.com"]
[Source "ChessBase"]
[SourceQuality "1"]
[TimeControl "5400+30"]

1. e4 c5 2. Nf3 d6 3. Bb5+ Nd7 4. O-O a6 5. Be2 Ngf6 6. d3 g6 7. c4 Bg7 8. Nc3 {[%emt 0:00:21] White has an edge.} b6 9. d4 cxd4 10. Nxd4 Bb7 11. f3 Rc8 12. Be3 O-O 13. Qd2 e6 14. Rfd1 d5 15. cxd5 exd5 16. Nxd5 Nxd5 {[%emt 0:00:22] The position is equal.} 17. exd5 Nf6 18. Nc6 Qe8 {[%emt 0:00:22][%cal Of6d5] [#] White must now prevent ...Nxd5!} 19. Bd4 {[%emt 0:03:16] Weighted Error Value: White=0.07 (flawless) /Black=0.03 (flawless) .  OK:         	White=8     	Black=8} ({Don't play} 19. Bxb6 Nxd5 20. Na5 Nxb6 $15) 1/2-1/2

[Event "1st Jeddah Young Masters 2024"]
[Site "Jeddah"]
[Date "2024.01.27"]
[Round "5.3"]
[White "Erdogmus, Yagiz Kaan"]
[Black "Klimkowski, Jan"]
[Result "1/2-1/2"]
[ECO "E20"]
[WhiteElo "2524"]
[BlackElo "2531"]
[Annotator "RC"]
[PlyCount "88"]
[EventDate "2024.01.24"]
[EventType "tourn"]
[SourceTitle "playchess.com"]
[Source "ChessBase"]
[SourceQuality "1"]
[TimeControl "5400+30"]

1. d4 Nf6 2. c4 e6 3. Nc3 Bb4 4. g3 d5 5. Bg2 O-O 6. Nf3 dxc4 7. O-O Nc6 8. Re1 Rb8 9. a3 Be7 10. Qa4 Nxd4 11. Nxd4 Qxd4 12. Be3 Qd8 13. Qxa7 Bd7 14. Bxb7 Ng4 15. Bc1 c6 16. Rd1 Nxf2 17. Kxf2 Qc7 18. Qd4 Rxb7 19. Bf4 Qa5 20. Qxc4 Qh5 21. Kg1 e5 22. Be3 Be6 23. Qxc6 Rxb2 24. Bc5 Qg5 25. Qc7 Bxc5+ 26. Qxc5 h5 27. Rab1 Rxb1 28. Rxb1 h4 29. Ne4 Qf5 30. Qe3 hxg3 31. hxg3 Bd5 32. Nc3 Ba8 33. Rf1 Qh5 34. Kf2 Rc8 35. Rc1 Rd8 36. Rb1 Qh2+ 37. Ke1 Qh1+ 38. Kf2 Qh2+ 39. Ke1 Rd6 40. Qf2 Qh5 41. Rc1 Rd8 42. Rd1 Kf8 43. Qe3 Kg8 44. Kf2 Qh1 1/2-1/2

[Event "1st Jeddah Young Masters 2024"]
[Site "Jeddah"]
[Date "2024.01.27"]
[Round "5.4"]
[White "Woodward, Andy"]
[Black "Francisco Guecamburu, Candela Be"]
[Result "1-0"]
[ECO "E18"]
[WhiteElo "2501"]
[BlackElo "2295"]
[Annotator "RC"]
[PlyCount "63"]
[EventDate "2024.01.24"]
[EventType "tourn"]
[SourceTitle "playchess.com"]
[Source "ChessBase"]
[SourceQuality "1"]
[TimeControl "5400+30"]

1. d4 Nf6 2. Nf3 e6 3. c4 b6 4. g3 Bb7 5. Bg2 Be7 6. O-O O-O 7. Nc3 Ne4 8. Bd2 Bf6 9. Qc2 Nxd2 10. Qxd2 c5 11. Rfd1 cxd4 12. Nxd4 Bxg2 13. Kxg2 Qc7 14. b3 a6 15. Rac1 Rd8 16. Nf3 Nc6 17. Qe3 Be7 18. Rc2 Qb7 19. Rcd2 Bc5 20. Qf4 Bb4 21. Rd3 b5 22. Ne4 bxc4 23. bxc4 f5 24. Nd6 Bxd6 25. Rxd6 Rac8 26. c5 h6 27. h4 Qb5 28. Qe3 Ne7 29. Rxd7 Rxd7 30. Qxe6+ Kh7 31. Rxd7 Ng6 32. Rd6 1-0

[Event "1st Jeddah Young Masters 2024"]
[Site "Jeddah"]
[Date "2024.01.27"]
[Round "5.5"]
[White "Oro, Faustino"]
[Black "Pranav Vijay"]
[Result "0-1"]
[ECO "C32"]
[WhiteElo "2357"]
[BlackElo "2252"]
[Annotator "RC"]
[PlyCount "168"]
[EventDate "2024.01.24"]
[EventType "tourn"]
[SourceTitle "playchess.com"]
[Source "ChessBase"]
[SourceQuality "1"]
[TimeControl "5400+30"]

1. e4 e5 2. f4 d5 3. exd5 e4 4. Nc3 Nf6 5. d3 Bb4 6. Bd2 e3 7. Bxe3 O-O 8. Be2 Nxd5 9. Bd2 Bxc3 10. bxc3 Qf6 11. c4 Nxf4 12. Bxf4 Qxf4 13. Nf3 c5 14. Qd2 Qd6 15. O-O Nc6 16. Ng5 Nd4 17. Bh5 f6 18. Rae1 Bf5 19. Ne4 Bxe4 20. Rxe4 Rad8 21. Rfe1 Nc6 22. Bf3 Ne5 23. Rf4 Nxf3+ 24. Rxf3 Rfe8 25. Rfe3 Rxe3 26. Qxe3 Kf8 27. Qf3 b6 28. Qh5 Qd4+ 29. Kf1 Qf4+ 30. Kg1 Qd2 31. Re2 Qc1+ 32. Kf2 Qf4+ 33. Kg1 Qc1+ 34. Kf2 Qf4+ 35. Kg1 Qd4+ 36. Kf1 h6 37. Qf5 Qd7 38. Qf3 Qa4 39. Qb7 Qd7 40. Qf3 a6 41. Qh5 Qa4 42. Qf5 Qxa2 43. Qe6 Qa1+ 44. Re1 Qd4 45. Qxb6 Qf4+ 46. Kg1 Qd4+ 47. Kf1 Qf4+ 48. Kg1 Qd6 49. Qb7 Rd7 50. Qc8+ Rd8 51. Qb7 Rd7 52. Qc8+ Rd8 53. Qb7 Kg8 54. h3 Kf8 55. Kh1 Rb8 56. Qa7 h5 57. Kg1 Kg8 58. Qe7 Qd4+ 59. Kh1 Kh7 60. Qa7 Qd6 61. Qf7 Kh6 62. Qe6 Qg3 63. Qe2 Rb2 64. Rf1 Qg5 65. Ra1 a5 66. Qd1 Qe3 67. Rxa5 Rxc2 68. Qxc2 Qe1+ 69. Kh2 Qxa5 70. Qf2 Qc7+ 71. Kh1 Qe5 72. Qf3 Qe1+ 73. Kh2 Qe5+ 74. Kh1 h4 75. Qf2 Kg5 76. Qd2+ Qf4 77. Qe2 g6 78. Qe7 Qd4 79. Qa7 Kf4 80. Qe7 Qa1+ 81. Kh2 Qe5 82. Qd7 Ke3+ 83. Kh1 Kf2 84. Qg4 Qe1+ 0-1

[Event "1st Jeddah Young Masters 2024"]
[Site "Jeddah"]
[Date "2024.01.27"]
[Round "6.1"]
[White "Murzin, Volodar"]
[Black "Pranav Vijay"]
[Result "1-0"]
[ECO "C78"]
[WhiteElo "2635"]
[BlackElo "2252"]
[Annotator "TA"]
[PlyCount "65"]
[EventDate "2024.01.24"]
[EventType "tourn"]
[SourceTitle "playchess.com"]
[Source "ChessBase"]
[SourceQuality "1"]
[TimeControl "5400+30"]

1. e4 e5 2. Nf3 Nc6 3. Bb5 a6 4. Ba4 Nf6 5. O-O b5 6. Bb3 Bc5 7. c3 d6 8. d4 Bb6 9. Be3 O-O 10. Nbd2 h6 11. h3 Re8 12. Re1 Bb7 13. d5 Ne7 14. Bxb6 cxb6 15. a4 bxa4 {[%emt 0:01:43] White has an edge.} 16. Bxa4 b5 17. Bc2 Rc8 {[%emt 0:06:34] [#]} 18. c4 bxc4 $11 19. Ba4 Rf8 20. Rc1 Nh7 21. Nxc4 f5 $2 {[%emt 0:00:23] [#]} (21... Rb8 $14) 22. Nfxe5 $1 $18 dxe5 23. d6 Bxe4 (23... Nf6 $142) 24. Nxe5 {[%emt 0:01:00] Black must now prevent Bb3+.} (24. dxe7 Qxe7 25. Bb3 Kh8 $18) (24. f3 Ng6 $18 (24... Rxc4 $2 25. dxe7 Qb6+ 26. Kh1 $18)) 24... Ng5 {[%emt 0:03:42] Hoping for ...Rxc1.} ({Wrong is} 24... Rxc1 $2 25. Bb3+ Kh8 26. dxe7 $18 (26. Qxc1 Qxd6 27. Nf7+ Rxf7 $11)) 25. dxe7 Qxe7 26. Ng6 Qf6 27. Qb3+ $2 ({White should play} 27. Nxf8 $18 Rxf8 28. Bb3+ Kh7 29. Rc3) 27... Kh7 $2 (27... Nf7 $1 $11 {and Black stays safe.} 28. Rxc8 (28. Nxf8 Rxc1 29. Rxc1 Qg5 $15) 28... Rxc8) 28. Nxf8+ Rxf8 29. h4 Ne6 30. Rc6 {[%emt 0:01:40] White is clearly winning.} Re8 (30... Bxc6 $142 31. Rxe6 Bxa4 32. Rxf6 Bxb3 33. Rxf8 g6) 31. Rxa6 Re7 32. Bd7 Qg6 (32... Rxd7 $142 33. Qxe6 (33. Rxe6 Qxh4 34. Re8 Bd5 $18) 33... Qxe6 34. Rxe6 Rb7) 33. Rxe4 {[%emt 0:00:23] Weighted Error Value: White=0.35/Black=0.64.  Loses game:     	---       	Black=1      Missed win:     	White=1     	---        Mistake:       	White=1     	Black=3      Inaccurate:     	---       	Black=2      OK:         	White=9     	Black=7      Best:        	White=4     	---        Brilliant:      	White=1     	---} (33. Bxe6 $2 Qxg2#) 1-0

[Event "1st Jeddah Young Masters 2024"]
[Site "Jeddah"]
[Date "2024.01.27"]
[Round "6.2"]
[White "Francisco Guecamburu, Candela Be"]
[Black "Oro, Faustino"]
[Result "1/2-1/2"]
[ECO "B13"]
[WhiteElo "2295"]
[BlackElo "2357"]
[Annotator "RC"]
[PlyCount "26"]
[EventDate "2024.01.24"]
[EventType "tourn"]
[SourceTitle "playchess.com"]
[Source "ChessBase"]
[SourceQuality "1"]
[TimeControl "5400+30"]

1. e4 c6 2. d4 d5 3. exd5 cxd5 4. Bf4 Nc6 5. c3 Nf6 6. Nd2 Bg4 7. Ngf3 e6 8. Qb3 Qc8 9. h3 Bf5 10. g4 Be4 11. Be2 h6 12. h4 Bxf3 13. Bxf3 Qd7 1/2-1/2

[Event "1st Jeddah Young Masters 2024"]
[Site "Jeddah"]
[Date "2024.01.27"]
[Round "6.3"]
[White "Klimkowski, Jan"]
[Black "Woodward, Andy"]
[Result "1/2-1/2"]
[ECO "A16"]
[WhiteElo "2531"]
[BlackElo "2501"]
[Annotator "RC"]
[PlyCount "158"]
[EventDate "2024.01.24"]
[EventType "tourn"]
[SourceTitle "playchess.com"]
[Source "ChessBase"]
[SourceQuality "1"]
[TimeControl "5400+30"]

1. c4 Nf6 2. Nc3 g6 3. Nf3 Bg7 4. e4 e5 5. Nxe5 O-O 6. Nf3 Re8 7. Be2 Nxe4 8. O-O Nxc3 9. dxc3 d6 10. Bg5 Bf6 11. Bxf6 Qxf6 12. Nd4 c6 13. Qd2 Nd7 14. Rad1 Nc5 15. Bf3 Be6 16. b3 Rad8 17. Rfe1 h5 18. h3 Bc8 19. Re3 Re5 20. b4 Na4 21. Ne2 Nb6 22. Rxe5 Qxe5 23. c5 Nc4 24. Qf4 Be6 25. Rd4 Qxf4 26. Nxf4 d5 27. Be2 Na3 28. g4 hxg4 29. Nxe6 fxe6 30. Rxg4 Kf7 31. Bd3 Rg8 32. f4 a6 33. Kf2 Nb5 34. c4 Nd4 35. cxd5 exd5 36. a3 Nb5 37. Rg3 Nd4 38. h4 Nb5 39. Bc2 Nd4 40. Bd3 Nb5 41. Bc2 Nd4 42. Bb1 Nb5 43. Ke2 Nd4+ 44. Kd2 Nb5 45. Bc2 Nd4 46. Bb1 Nb5 47. Bc2 Nd4 48. Bd3 Nb5 49. a4 Nd4 50. Kc3 Ne6 51. f5 gxf5 52. Rxg8 Kxg8 53. Bxf5 Kf7 54. h5 a5 55. h6 axb4+ 56. Kxb4 Nf4 57. Kc3 Ne2+ 58. Kd3 Nc1+ 59. Kc2 Na2 60. Kb3 Nc1+ 61. Kc2 Na2 62. Bc8 Nb4+ 63. Kc3 Na6 64. Kd4 Nc7 65. Ke5 Na6 66. Kd4 Nc7 67. h7 Kg7 68. Bf5 Na6 69. Bd3 Nb4 70. Bf5 Na6 71. a5 Nc7 72. Ke5 Na6 73. Kd6 d4 74. Be4 Kh8 75. Bf5 Kg7 76. Bc2 Kh8 77. Ke5 d3 78. Bxd3 Nxc5 79. Bc2 b6 1/2-1/2